PBL
MIAMI MARLINS @ CAROLINA WARHOUNDS
06/24/2071
 
TOP OF THE 1ST
Miami Marlins batting - Pitching for Carolina Warhounds : LHP Jim Ferrer
Pitching: LHP Jim Ferrer
Batting: RHB Patrick Bower 0-0: Called Strike
0-1: Ball
1-1: Called Strike
1-2: Strikes out swinging
Batting: SHB Steve Howard 0-0: Foul Ball, location: 2F
0-1: Ball
1-1: Called Strike
1-2: Ball
2-2: Strikes out swinging
Batting: RHB Hidetsugu Fujii 0-0: Swinging Strike
0-1: Ball
1-1: Swinging Strike
1-2: Strikes out swinging
Top of the 1st over - 0 runs, 0 hits, 0 errors, 0 left on base; Miami 0 - Carolina 0
BOTTOM OF THE 1ST
Carolina Warhounds batting - Pitching for Miami Marlins : RHP Víctor Pantoja
Pitching: RHP Víctor Pantoja
Batting: RHB John Pruitt 0-0: Ball
1-0: Foul Ball, location: 2F
1-1: Ball
2-1: Foul Ball, location: 9LDF
2-2: Strikes out swinging
Batting: LHB Christian Snow 0-0: SINGLE (Groundball, 4M, EV 81.9 MPH) (infield hit)
Batting: RHB Lee Turner 0-0: Ball
1-0: Grounds into double play, 5-4-3 (Groundball, 56S, EV 87.5 MPH)
Bottom of the 1st over - 0 runs, 1 hit, 0 errors, 0 left on base; Miami 0 - Carolina 0
TOP OF THE 2ND
Miami Marlins batting - Pitching for Carolina Warhounds : LHP Jim Ferrer
Batting: RHB Michael Barnes 0-0: Foul Ball, location: 9LMF
0-1: Ball
1-1: Fly out, F3 (Popup, 34S, EV 77.5 MPH)
Batting: RHB Armando Gracía 0-0: Called Strike
0-1: Fly out, F9 (Flyball, 89XD, EV 108.1 MPH)
Batting: RHB Chuck Ellis 0-0: Called Strike
0-1: Swinging Strike
0-2: Strikes out looking
Top of the 2nd over - 0 runs, 0 hits, 0 errors, 0 left on base; Miami 0 - Carolina 0
BOTTOM OF THE 2ND
Carolina Warhounds batting - Pitching for Miami Marlins : RHP Víctor Pantoja
Batting: LHB Pong-su Mo 0-0: Ball
1-0: Swinging Strike
1-1: Ball
2-1: Ball
3-1: Base on Balls
Batting: LHB Jesse Lane 0-0: Called Strike
0-1: Ball
1-1: Foul Ball, location: 3DF
1-2: Ball
2-2: Ball
3-2: Strikes out looking
Batting: RHB Eric Brennan 0-0: 2-RUN HOME RUN (Flyball, 9D, EV 107.5 MPH), Distance : 400 ft
Batting: LHB Carlos Vega 0-0: Foul Ball, location: 3FF
0-1: Ball
1-1: Ball
2-1: Called Strike
2-2: Ball
3-2: SINGLE (Flyball, 5D, EV 83.8 MPH)
Batting: RHB Santiago Barbosa 0-0: Ball
1-0: Fly out, F9 (Flyball, 9S, EV 93.8 MPH)
Batting: RHB Adam Sharpe 0-0: Swinging Strike
0-1: Swinging Strike
0-2: Ball
1-2: Foul Ball, location: 23F
1-2: Foul Ball, location: 2F
1-2: Foul Ball, location: 2F
1-2: Ball
2-2: Strikes out swinging
Bottom of the 2nd over - 2 runs, 2 hits, 0 errors, 1 left on base; Miami 0 - Carolina 2
TOP OF THE 3RD
Miami Marlins batting - Pitching for Carolina Warhounds : LHP Jim Ferrer
Batting: LHB Roger McElroy 0-0: Foul Ball, location: 2F
0-1: Foul Ball, location: 2F
0-2: Ball
1-2: Strikes out swinging
Batting: RHB Emiel Moree 0-0: Foul Ball, location: 9LMF
0-1: Ball
1-1: Foul Ball, location: 3F
1-2: Foul Ball, location: 7LMF
1-2: Strikes out looking
Batting: RHB Mike Allen 0-0: Ball
1-0: Foul Ball, location: 7LMF
1-1: Ball
2-1: Called Strike
2-2: Ball
3-2: Strikes out swinging
Top of the 3rd over - 0 runs, 0 hits, 0 errors, 0 left on base; Miami 0 - Carolina 2
BOTTOM OF THE 3RD
Carolina Warhounds batting - Pitching for Miami Marlins : RHP Víctor Pantoja
Batting: RHB John Pruitt 0-0: Called Strike
0-1: Swinging Strike
0-2: Ground out 5-3 (Groundball, 56, EV 76.9 MPH)
Batting: LHB Christian Snow 0-0: Called Strike
0-1: Ball
1-1: Foul Ball, location: 3SF
1-2: Ball
2-2: Strikes out swinging
Batting: RHB Lee Turner 0-0: SINGLE (Groundball, 34D, EV 96.3 MPH)
Batting: LHB Pong-su Mo 0-0: Foul Ball, location: 2F
0-1: Foul Ball, location: 3F
0-2: Fielders Choice at 2nd, 6-4 (Groundball, 6, EV 86.9 MPH)
Bottom of the 3rd over - 0 runs, 1 hit, 0 errors, 1 left on base; Miami 0 - Carolina 2
TOP OF THE 4TH
Miami Marlins batting - Pitching for Carolina Warhounds : LHP Jim Ferrer
Batting: RHB Patrick Bower 0-0: Swinging Strike
0-1: Called Strike
0-2: SINGLE (Line Drive, 7S, EV 101.3 MPH)
Batting: SHB Steve Howard 0-0: Ball
1-0: Ball
2-0: Foul Ball, location: 9LSF
2-1: Ball
3-1: Base on Balls
Patrick Bower to second
Batting: RHB Hidetsugu Fujii 0-0: Called Strike
0-1: Ball
1-1: Ball
2-1: Ball
3-1: Base on Balls
Patrick Bower to third
Steve Howard to second
Batting: RHB Michael Barnes 0-0: Ball
1-0: Called Strike
1-1: SINGLE (Line Drive, 78S, EV 102.5 MPH)
Patrick Bower scores
Steve Howard to third
Hidetsugu Fujii to second
Batting: RHB Armando Gracía 0-0: Ball
1-0: Ball
2-0: Ball
3-0: Base on Balls
Steve Howard scores
Hidetsugu Fujii to third
Michael Barnes to second
Batting: RHB Chuck Ellis 0-0: Ball
1-0: Ball
2-0: Ball
3-0: Base on Balls
Hidetsugu Fujii scores
Michael Barnes to third
Armando Gracía to second
Batting: LHB Roger McElroy 0-0: Reached on error, E5 (Groundball, 56, EV 108.1 MPH)
Michael Barnes scores
Armando Gracía to third
Chuck Ellis to second
Batting: RHB Emiel Moree 0-0: Swinging Strike
0-1: Called Strike
0-2: GRAND SLAM HOME RUN (Flyball, 7D, EV 100.6 MPH), Distance : 376 ft
Pitching: LHP Daniel Valad
Batting: RHB Mike Allen 0-0: Called Strike
0-1: Called Strike
0-2: Ball
1-2: Foul Ball, location: 2F
1-2: Strikes out looking
Batting: RHB Patrick Bower 0-0: Ball
1-0: Ball
2-0: SINGLE (Groundball, P, EV 82.5 MPH) (infield hit)
Batting: SHB Steve Howard 0-0: Ball
1-0: Ball
2-0: Foul Ball, location: 7LMF
2-1: Ball
3-1: Foul Ball, location: 5FF
3-2: Fly out, F9 (Line Drive, 9LM, EV 86.9 MPH)
Batting: RHB Hidetsugu Fujii 0-0: Foul Ball, location: 9LMF
0-1: Ball
1-1: Foul Ball, location: 5F
1-2: Fly out, F7 (Flyball, 7, EV 95.6 MPH)
Top of the 4th over - 8 runs, 4 hits, 1 error, 1 left on base; Miami 8 - Carolina 2
BOTTOM OF THE 4TH
Carolina Warhounds batting - Pitching for Miami Marlins : RHP Víctor Pantoja
Batting: LHB Jesse Lane 0-0: Foul Ball, location: 2F
0-1: Ball
1-1: Swinging Strike
1-2: Strikes out looking
Batting: RHB Eric Brennan 0-0: Ball
1-0: Fly out, F8 (Flyball, 8RD, EV 107.5 MPH)
Batting: LHB Carlos Vega 0-0: Foul Ball, location: 2F
0-1: Ball
1-1: Called Strike
1-2: SOLO HOME RUN (Flyball, 7D, EV 95.6 MPH), Distance : 381 ft
Batting: RHB Santiago Barbosa 0-0: Ball
1-0: Ball
2-0: Fly out, F9 (Flyball, 9LD, EV 85.6 MPH)
Bottom of the 4th over - 1 run, 1 hit, 0 errors, 0 left on base; Miami 8 - Carolina 3
TOP OF THE 5TH
Miami Marlins batting - Pitching for Carolina Warhounds : LHP Daniel Valad
Batting: RHB Michael Barnes 0-0: SOLO HOME RUN (Flyball, 78XD, EV 100.0 MPH), Distance : 421 ft
Batting: RHB Armando Gracía 0-0: Called Strike
0-1: Ball
1-1: Ball
2-1: Foul Ball, location: 9LMF
2-2: Strikes out swinging
Batting: RHB Chuck Ellis 0-0: SOLO HOME RUN (Flyball, 78XD, EV 106.3 MPH), Distance : 400 ft
Batting: LHB Roger McElroy 0-0: Foul Ball, location: 2F
0-1: Swinging Strike
0-2: Strikes out swinging
Batting: RHB Emiel Moree 0-0: Ball
1-0: Called Strike
1-1: Fly out, F6 (Popup, P, EV 80.0 MPH)
Top of the 5th over - 2 runs, 2 hits, 0 errors, 0 left on base; Miami 10 - Carolina 3
BOTTOM OF THE 5TH
Carolina Warhounds batting - Pitching for Miami Marlins : RHP Víctor Pantoja
Batting: RHB Adam Sharpe 0-0: Called Strike
0-1: Ball
1-1: Ball
2-1: Foul Ball, location: 23FF
2-2: Ball
3-2: SINGLE (Flyball, 9LS, EV 93.1 MPH)
Batting: RHB John Pruitt 0-0: Ball
1-0: Foul Ball, location: 9LDF
1-1: Ball
2-1: SINGLE (Line Drive, 8RS, EV 93.1 MPH)
Adam Sharpe to second
Batting: LHB Christian Snow 0-0: Called Strike
0-1: Ball
1-1: Ball
2-1: Foul Ball, location: 5F
2-2: Foul Ball, location: 7LMF
2-2: Foul Ball, location: 3FF
2-2: Foul Ball, location: 2F
2-2: Ball
3-2: SINGLE (Groundball, 4M, EV 106.9 MPH) (infield hit)
Adam Sharpe to third
John Pruitt to second
Batting: RHB Lee Turner 0-0: Ball
1-0: Called Strike
1-1: Called Strike
1-2: Strikes out swinging
Pitching: RHP Randolph Waddington
Batting: LHB Pong-su Mo 0-0: Ball
1-0: Ball
2-0: Foul Ball, location: 2F
2-1: Ball
3-1: Fly out, F8 (Flyball, 8LD, EV 106.3 MPH)
Runner from 3rd tags up, SCORES, throw by CF
John Pruitt to third
Batting: LHB Jesse Lane 0-0: Fly out, F7 (Flyball, 78S, EV 97.5 MPH)
Bottom of the 5th over - 1 run, 3 hits, 0 errors, 2 left on base; Miami 10 - Carolina 4
TOP OF THE 6TH
Miami Marlins batting - Pitching for Carolina Warhounds : LHP Daniel Valad
Batting: RHB Mike Allen 0-0: Fly out, F8 (Flyball, 8LXD, EV 106.3 MPH)
Batting: RHB Patrick Bower 0-0: Ball
1-0: Fly out, F4 (Popup, 4, EV 73.8 MPH)
Batting: SHB Steve Howard 0-0: Ball
1-0: SINGLE (Groundball, 4MD, EV 94.4 MPH)
Batting: RHB Hidetsugu Fujii 0-0: Called Strike
0-1: Ball
1-1: Ground out 5-3 (Groundball, 56S, EV 72.5 MPH)
Top of the 6th over - 0 runs, 1 hit, 0 errors, 1 left on base; Miami 10 - Carolina 4
BOTTOM OF THE 6TH
Carolina Warhounds batting - Pitching for Miami Marlins : RHP Randolph Waddington
Batting: RHB Eric Brennan 0-0: Ball
1-0: Swinging Strike
1-1: Ball
2-1: SINGLE (Line Drive, 6D, EV 106.9 MPH)
Batting: LHB Carlos Vega 0-0: Ball
1-0: Called Strike
1-1: Fly out, F7 (Flyball, 78M, EV 93.8 MPH)
Batting: RHB Santiago Barbosa 0-0: Ball
1-0: Ball
2-0: Fly out, F8 (Flyball, 89M, EV 91.9 MPH)
Batting: RHB Adam Sharpe 0-0: Called Strike
0-1: Ball
1-1: Fielders Choice at 2nd, 5-4 (Groundball, 56, EV 81.3 MPH)
Bottom of the 6th over - 0 runs, 1 hit, 0 errors, 1 left on base; Miami 10 - Carolina 4
TOP OF THE 7TH
Miami Marlins batting - Pitching for Carolina Warhounds : LHP Daniel Valad
Pitching: RHP Don Harmon
Batting: RHB Michael Barnes 0-0: Called Strike
0-1: Ball
1-1: Swinging Strike
1-2: Strikes out swinging
Batting: RHB Armando Gracía 0-0: Called Strike
0-1: Foul Ball, location: 3SF
0-2: Ground out 5-3 (Groundball, 56, EV 92.5 MPH)
Batting: RHB Chuck Ellis 0-0: Ball
1-0: Foul Ball, location: 5SF
1-1: Called Strike
1-2: Strikes out swinging
Top of the 7th over - 0 runs, 0 hits, 0 errors, 0 left on base; Miami 10 - Carolina 4
BOTTOM OF THE 7TH
Carolina Warhounds batting - Pitching for Miami Marlins : RHP Randolph Waddington
Batting: RHB John Pruitt 0-0: Swinging Strike
0-1: Ball
1-1: Called Strike
1-2: Ball
2-2: SINGLE (Line Drive, 9S, EV 110.0 MPH)
Batting: LHB Christian Snow 0-0: Ball
John Pruitt steals 2nd base
1-0: Swinging Strike
1-1: Called Strike
1-2: Foul Ball, location: 7LDF
1-2: Strikes out swinging
Batting: RHB Lee Turner 0-0: Reached on error, E6 (Groundball, 6, EV 86.3 MPH)
John Pruitt to third
Batting: LHB Pong-su Mo 0-0: Called Strike
0-1: Ball
1-1: Ball
2-1: Ball
3-1: Base on Balls
Lee Turner to second
Pitching: RHP Victor Adams
Batting: LHB Jesse Lane 0-0: Ball
1-0: Grounds into double play, 1-2-3 (Groundball, P, EV 68.8 MPH)
Bottom of the 7th over - 0 runs, 1 hit, 1 error, 2 left on base; Miami 10 - Carolina 4
TOP OF THE 8TH
Miami Marlins batting - Pitching for Carolina Warhounds : RHP Don Harmon
Batting: LHB Roger McElroy 0-0: Ball
1-0: SINGLE (Groundball, 4MD, EV 108.1 MPH)
Batting: RHB Emiel Moree 0-0: Called Strike
0-1: Called Strike
0-2: Ball
1-2: Foul Ball, location: 2F
1-2: Ball
2-2: Strikes out swinging
Batting: RHB Mike Allen 0-0: Swinging Strike
0-1: Ball
1-1: Foul Ball, location: 2F
1-2: Strikes out swinging
Batting: RHB Patrick Bower 0-0: Ball
1-0: Ball
2-0: Ball
3-0: Called Strike
3-1: Called Strike
3-2: Strikes out looking
Top of the 8th over - 0 runs, 1 hit, 0 errors, 1 left on base; Miami 10 - Carolina 4
BOTTOM OF THE 8TH
Carolina Warhounds batting - Pitching for Miami Marlins : RHP Victor Adams
Batting: RHB Eric Brennan 0-0: Called Strike
0-1: Swinging Strike
0-2: Strikes out swinging
Batting: LHB Carlos Vega 0-0: Ball
1-0: Ball
2-0: Called Strike
2-1: Foul Ball, location: 3FF
2-2: Ground out 4-3 (Groundball, 4, EV 90.0 MPH)
Batting: RHB Santiago Barbosa 0-0: Ball
1-0: Called Strike
1-1: Ball
2-1: SINGLE (Groundball, 4MD, EV 101.9 MPH)
Batting: RHB Adam Sharpe 0-0: Ball
1-0: Called Strike
1-1: Swinging Strike
1-2: Fly out, F4 (Line Drive, 4, EV 63.1 MPH)
Bottom of the 8th over - 0 runs, 1 hit, 0 errors, 1 left on base; Miami 10 - Carolina 4
TOP OF THE 9TH
Miami Marlins batting - Pitching for Carolina Warhounds : RHP Don Harmon
Pitching: RHP Ron McSween
Batting: SHB Steve Howard 0-0: Swinging Strike
0-1: Called Strike
0-2: Ball
1-2: Ball
2-2: Strikes out swinging
Batting: RHB Hidetsugu Fujii 0-0: Foul Ball, location: 9LSF
0-1: Foul Ball, location: 5FF
0-2: Ball
1-2: Strikes out swinging
Batting: RHB Michael Barnes 0-0: SINGLE (Line Drive, 4M, EV 95.0 MPH)
Batting: RHB Armando Gracía 0-0: Ball
1-0: Ball
2-0: Called Strike
2-1: Ball
3-1: Base on Balls
Michael Barnes to second
Batting: RHB Chuck Ellis 0-0: Ball
Wild Pitch!
Michael Barnes to third
Armando Gracía to second
1-0: Swinging Strike
1-1: Swinging Strike
1-2: Strikes out swinging
Top of the 9th over - 0 runs, 1 hit, 0 errors, 2 left on base; Miami 10 - Carolina 4
BOTTOM OF THE 9TH
Carolina Warhounds batting - Pitching for Miami Marlins : RHP Victor Adams
Batting: RHB John Pruitt 0-0: Swinging Strike
0-1: Ball
1-1: Foul Ball, location: 2F
1-2: Ground out 6-3 (Groundball, 6, EV 85.6 MPH)
Batting: LHB Christian Snow 0-0: Ball
1-0: Ball
2-0: SINGLE (Line Drive, 3D, EV 96.3 MPH)
Batting: RHB Lee Turner 0-0: Fly out, F9 (Flyball, 9D, EV 92.5 MPH)
Batting: LHB Pong-su Mo 0-0: Ball
Wild Pitch!
Christian Snow to second
1-0: SINGLE (Groundball, 56D, EV 102.5 MPH)
Christian Snow to third
Batting: LHB Jesse Lane 0-0: Called Strike
0-1: Foul Ball, location: 9LDF
0-2: Strikes out swinging
Bottom of the 9th over - 0 runs, 2 hits, 0 errors, 2 left on base; Miami 10 - Carolina 4
Thursday, April 25th , 2024 - OOTP Baseball 24.10 Build 82